General information
- name: BNet
- type: Ladder team game (AT/RT)
- host: Battle.net
- saver: BEAR_AND
map: Friends
- players: 8
- length: 18:27
- speed: Fast
- version: 1.21 W3XP
- replay type:

» download(147 KB)
Players
team 1 (loser)
Noinu (
pink | 44 APM | 803 actions | 18:22)
3 Far Seer
2 Feral Spirit
1 Chain Lighting
» actions
| Assign group hotkey | 9 | |
| Basic commands | 67 | |
| Build / train | 29 | |
| Enter build submenu | 37 | |
| Enter hero's abilities submenu | 3 | |
| Right click | 161 | |
| Select / deselect | 171 | |
| Select group hotkey | 266 | |
| Use ability | 60 | |
803 total
» units
» upgrades
| Pillage | 1 | |
| Spiked Barricades | 1 | |
2 total
» buildings
| Altar of Storms | 1 | |
| Orc Burrow | 5 | |
| War Mill | 2 | |
| Watch Tower | 24 | |
| Barracks | 2 | |
| Voodoo Lounge | 1 | |
| Stronghold | 1 | |
| Fortress | 1 | |
37 total
» build order
00:05 Altar of Storms
00:07 Orc Burrow
00:41 War Mill
01:58 Watch Tower
02:02 Watch Tower
02:27 Watch Tower
03:22 Watch Tower
04:14 Watch Tower
04:16 Watch Tower
04:34 Watch Tower
05:15 Orc Burrow
05:22 Watch Tower
05:44 Orc Burrow
06:06 Barracks
06:17 Voodoo Lounge
06:44 Watch Tower
07:07 Watch Tower
07:25 Orc Burrow
08:05 Barracks
08:25 Watch Tower
08:35 Watch Tower
09:11 Watch Tower
09:38 Stronghold
10:33 Watch Tower
10:36 Watch Tower
12:13 Watch Tower
12:16 Watch Tower
12:25 Watch Tower
12:38 Fortress
12:44 War Mill
13:14 Watch Tower
15:22 Watch Tower
15:27 Watch Tower
15:30 Watch Tower
15:34 Watch Tower
16:33 Watch Tower
16:38 Orc Burrow
Panda_Slammed (
teal | 49 APM | 899 actions | 18:21)
3 Far Seer
2 Feral Spirit
1 Chain Lighting
» actions
| Assign group hotkey | 1 | |
| Basic commands | 156 | |
| Build / train | 35 | |
| Enter build submenu | 56 | |
| Enter hero's abilities submenu | 3 | |
| Give item / drop item | 2 | |
| Right click | 305 | |
| Select / deselect | 271 | |
| Use ability | 70 | |
899 total
» units
| Peon | 13 | |
| Troll Witch Doctor | 2 | |
| Grunt | 3 | |
18 total
» upgrades
| Spiked Barricades | 1 | |
| Berserker Strength | 1 | |
2 total
» buildings
| Altar of Storms | 1 | |
| Orc Burrow | 6 | |
| War Mill | 1 | |
| Watch Tower | 33 | |
| Voodoo Lounge | 1 | |
| Stronghold | 1 | |
| Barracks | 2 | |
| Fortress | 1 | |
| Spirit Lodge | 1 | |
| Great Hall | 2 | |
| Beastiary | 1 | |
50 total
» build order
00:06 Altar of Storms
00:08 Orc Burrow
00:46 War Mill
02:00 Watch Tower
02:04 Watch Tower
02:25 Watch Tower
04:16 Watch Tower
04:17 Watch Tower
04:19 Voodoo Lounge
04:21 Watch Tower
04:23 Watch Tower
04:25 Watch Tower
04:28 Watch Tower
05:13 Orc Burrow
05:35 Watch Tower
05:44 Watch Tower
06:30 Watch Tower
06:42 Watch Tower
06:44 Watch Tower
06:47 Watch Tower
07:12 Watch Tower
07:49 Watch Tower
07:55 Watch Tower
08:07 Watch Tower
09:35 Watch Tower
09:38 Watch Tower
09:39 Stronghold
09:42 Watch Tower
10:42 Barracks
11:37 Watch Tower
11:38 Watch Tower
11:45 Barracks
12:12 Fortress
12:16 Orc Burrow
12:22 Spirit Lodge
12:44 Watch Tower
12:45 Watch Tower
12:56 Orc Burrow
13:11 Orc Burrow
14:29 Orc Burrow
15:01 Great Hall
15:04 Watch Tower
15:08 Watch Tower
15:26 Great Hall
16:16 Watch Tower
16:17 Watch Tower
16:44 Watch Tower
17:03 Watch Tower
17:24 Beastiary
18:04 Watch Tower
» items
| Lesser Clarity Potion | 5 | |
| Healing Salve | 1 | |
| Scroll of Speed | 1 | |
| Scourge Bone Chimes | 1 | |
| Ankh of Reincarnation | 1 | |
9 total
PistophChrstoph (
orange | 51 APM | 942 actions | 18:24)
3 Paladin
2 Holy Light
1 Divine Shield
2 Mountain King
1 Storm Bolt
1 Bash
» actions
| Assign group hotkey | 9 | |
| Basic commands | 140 | |
| Build / train | 66 | |
| ESC pressed | 2 | |
| Enter build submenu | 53 | |
| Enter hero's abilities submenu | 5 | |
| Right click | 236 | |
| Select / deselect | 311 | |
| Select group hotkey | 20 | |
| Use ability | 100 | |
942 total
» units
» upgrades
| Masonry | 1 | |
| Magic Sentry | 1 | |
| Gunpowder | 2 | |
| Sorceress Training | 1 | |
| Flare | 1 | |
| Lumber Harvesting | 1 | |
7 total
» buildings
| Farm | 12 | |
| Altar of Kings | 1 | |
| Lumber Mill | 1 | |
| Scout Tower | 47 | |
| Guard Tower | 29 | |
| Keep | 1 | |
| Blacksmith | 1 | |
| Arcane Vault | 1 | |
| Arcane Sanctum | 1 | |
| Workshop | 2 | |
| Castle | 1 | |
97 total
» build order
00:13 Farm
00:20 Altar of Kings
00:41 Farm
00:51 Lumber Mill
00:55 Farm
01:24 Scout Tower
01:36 Scout Tower
01:41 Scout Tower
02:03 Guard Tower
02:16 Guard Tower
02:34 Guard Tower
02:46 Scout Tower
02:50 Scout Tower
02:56 Scout Tower
03:15 Guard Tower
03:20 Scout Tower
03:22 Scout Tower
03:24 Guard Tower
04:11 Guard Tower
04:17 Scout Tower
04:36 Farm
05:13 Keep
05:18 Scout Tower
05:19 Scout Tower
05:21 Guard Tower
05:28 Scout Tower
05:29 Scout Tower
05:56 Guard Tower
05:59 Scout Tower
06:10 Guard Tower
06:23 Guard Tower
06:26 Scout Tower
06:35 Guard Tower
06:40 Scout Tower
06:46 Scout Tower
06:53 Blacksmith
07:00 Guard Tower
07:02 Arcane Vault
07:09 Guard Tower
07:14 Scout Tower
07:17 Scout Tower
07:19 Scout Tower
07:21 Scout Tower
07:56 Arcane Sanctum
07:59 Guard Tower
08:06 Workshop
08:10 Workshop
08:32 Guard Tower
08:58 Guard Tower
08:59 Scout Tower
09:12 Scout Tower
09:34 Guard Tower
09:42 Guard Tower
09:45 Farm
09:49 Farm
09:52 Farm
09:58 Scout Tower
10:02 Scout Tower
10:36 Guard Tower
11:24 Scout Tower
11:24 Scout Tower
11:58 Castle
12:15 Scout Tower
12:20 Scout Tower
12:21 Scout Tower
12:25 Scout Tower
12:26 Scout Tower
12:27 Scout Tower
12:28 Scout Tower
12:50 Scout Tower
12:51 Scout Tower
12:52 Scout Tower
12:53 Scout Tower
12:54 Scout Tower
12:55 Scout Tower
12:57 Scout Tower
13:07 Guard Tower
13:11 Scout Tower
13:42 Guard Tower
13:49 Farm
14:23 Guard Tower
14:51 Guard Tower
14:55 Guard Tower
15:19 Scout Tower
15:23 Scout Tower
15:27 Guard Tower
15:34 Scout Tower
15:38 Guard Tower
15:40 Guard Tower
16:19 Guard Tower
16:22 Scout Tower
16:24 Scout Tower
16:27 Guard Tower
16:55 Farm
16:57 Farm
17:00 Farm
17:03 Farm
» items
| Lesser Clarity Potion | 2 | |
| Healing Salve | 1 | |
3 total
Sylink (
purple | 69 APM | 1269 actions | 18:18)
3 Far Seer
2 Feral Spirit
1 Chain Lighting
2 Tauren Chieftain
1 Shockwave
1 Endurance Aura
» actions
| Assign group hotkey | 46 | |
| Basic commands | 46 | |
| Build / train | 37 | |
| ESC pressed | 3 | |
| Enter build submenu | 51 | |
| Enter hero's abilities submenu | 5 | |
| Remove unit from queue | 1 | |
| Right click | 413 | |
| Select / deselect | 273 | |
| Select group hotkey | 297 | |
| Use ability | 97 | |
1269 total
» units
| Peon | 17 | |
| Demolisher | 3 | |
| Goblin Shredder | 1 | |
| Goblin Zeppelin | 1 | |
| Troll Witch Doctor | 2 | |
24 total
» upgrades
| Ranged Weapons | 1 | |
| Reinforced Defenses | 1 | |
| Burning Oil | 1 | |
3 total
» buildings
| Altar of Storms | 1 | |
| Orc Burrow | 4 | |
| War Mill | 1 | |
| Voodoo Lounge | 1 | |
| Watch Tower | 39 | |
| Stronghold | 1 | |
| Barracks | 2 | |
| Spirit Lodge | 1 | |
| Fortress | 1 | |
| Great Hall | 1 | |
52 total
» build order
00:04 Altar of Storms
00:05 Orc Burrow
00:58 War Mill
02:03 Voodoo Lounge
02:11 Watch Tower
02:15 Watch Tower
02:58 Watch Tower
03:02 Orc Burrow
03:13 Watch Tower
03:32 Watch Tower
04:22 Watch Tower
04:23 Watch Tower
04:49 Watch Tower
04:51 Watch Tower
05:04 Watch Tower
05:11 Watch Tower
05:32 Watch Tower
05:54 Watch Tower
05:56 Watch Tower
06:35 Stronghold
06:38 Watch Tower
07:02 Watch Tower
07:03 Watch Tower
07:10 Orc Burrow
08:11 Watch Tower
08:13 Watch Tower
08:14 Watch Tower
08:16 Watch Tower
08:18 Watch Tower
08:24 Barracks
08:56 Watch Tower
08:59 Barracks
09:45 Watch Tower
09:46 Watch Tower
10:23 Watch Tower
11:50 Orc Burrow
12:51 Watch Tower
13:00 Spirit Lodge
13:35 Fortress
15:44 Watch Tower
15:46 Great Hall
15:48 Watch Tower
15:49 Watch Tower
15:57 Watch Tower
15:58 Watch Tower
16:48 Watch Tower
16:53 Watch Tower
16:54 Watch Tower
16:59 Watch Tower
16:59 Watch Tower
17:51 Watch Tower
17:56 Watch Tower
team 2 (winner)
BEAR_AND (
yellow | 86 APM | 1592 actions | 18:27)
4 Demon Hunter
2 Mana Burn
2 Evasion
» actions
| Assign group hotkey | 8 | |
| Build / train | 45 | |
| Enter build submenu | 14 | |
| Enter hero's abilities submenu | 4 | |
| Right click | 1032 | |
| Select / deselect | 217 | |
| Select group hotkey | 238 | |
| Use ability | 34 | |
1592 total
» units
| Wisp | 22 | |
| Chimaera | 4 | |
| Goblin Zeppelin | 1 | |
27 total
» upgrades
| Ultravision | 1 | |
| Strength of the Wild | 3 | |
| Reinforced Hides | 3 | |
| Corrosive Breath | 1 | |
| Well Spring | 1 | |
| Nature's Blessing | 1 | |
10 total
» buildings
| Altar of Elders | 1 | |
| Moon Well | 3 | |
| Hunter's Hall | 1 | |
| Tree of Ages | 1 | |
| Tree of Life | 1 | |
| Ancient of Wind | 1 | |
| Tree of Eternity | 1 | |
| Chimaera Roost | 2 | |
| Ancient of Wonders | 1 | |
12 total
» build order
00:11 Altar of Elders
00:12 Moon Well
01:10 Moon Well
02:01 Hunter's Hall
03:33 Tree of Ages
06:26 Tree of Life
06:45 Ancient of Wind
07:41 Tree of Eternity
07:47 Moon Well
10:07 Chimaera Roost
10:53 Chimaera Roost
14:27 Ancient of Wonders
bLinn (
blue | 78 APM | 1445 actions | 18:26)
3 Blademaster
2 Wind Walk
1 Critical Strike
2 Tauren Chieftain
1 War Stomp
1 Endurance Aura
2 Shadow Hunter
1 Healing Wave
1 Hex
» actions
| Assign group hotkey | 50 | |
| Basic commands | 2 | |
| Build / train | 55 | |
| ESC pressed | 15 | |
| Enter build submenu | 84 | |
| Enter hero's abilities submenu | 7 | |
| Give item / drop item | 2 | |
| Remove unit from queue | 1 | |
| Right click | 653 | |
| Select / deselect | 254 | |
| Select group hotkey | 164 | |
| Use ability | 158 | |
1445 total
» units
» upgrades
| Spiked Barricades | 1 | |
| Reinforced Defenses | 1 | |
2 total
» buildings
| Altar of Storms | 1 | |
| Orc Burrow | 4 | |
| War Mill | 3 | |
| Watch Tower | 65 | |
| Voodoo Lounge | 2 | |
| Stronghold | 2 | |
| Fortress | 2 | |
| Spirit Lodge | 1 | |
| Great Hall | 2 | |
| Beastiary | 4 | |
86 total
» build order
00:02 Altar of Storms
00:15 Orc Burrow
00:45 War Mill
01:54 Orc Burrow
02:04 Watch Tower
02:09 Watch Tower
02:13 Watch Tower
02:19 Watch Tower
02:31 Watch Tower
02:42 Watch Tower
03:08 Watch Tower
03:17 Watch Tower
03:36 Voodoo Lounge
03:47 Watch Tower
03:53 Watch Tower
04:27 Watch Tower
04:38 Watch Tower
04:50 Stronghold
04:50 Stronghold
05:09 Watch Tower
05:13 Watch Tower
05:16 Watch Tower
05:24 Watch Tower
05:26 Watch Tower
05:47 Watch Tower
06:00 Watch Tower
06:16 Orc Burrow
06:26 Watch Tower
06:28 Watch Tower
07:00 Watch Tower
07:01 Watch Tower
07:05 Watch Tower
07:12 Watch Tower
07:36 Watch Tower
07:37 Watch Tower
07:56 Fortress
07:57 Fortress
08:02 Watch Tower
08:05 Watch Tower
08:55 Watch Tower
08:58 Watch Tower
09:01 Watch Tower
09:42 Orc Burrow
09:43 Spirit Lodge
09:58 Watch Tower
09:59 Watch Tower
10:46 Watch Tower
10:47 Watch Tower
11:35 Watch Tower
12:00 Watch Tower
12:01 Watch Tower
12:01 Watch Tower
12:47 Great Hall
12:57 Voodoo Lounge
13:01 Watch Tower
13:11 War Mill
13:13 Watch Tower
13:13 Watch Tower
13:15 Watch Tower
13:16 Watch Tower
13:17 Watch Tower
13:18 War Mill
13:47 Watch Tower
13:49 Watch Tower
13:49 Watch Tower
14:36 Watch Tower
15:56 Watch Tower
15:57 Watch Tower
15:57 Watch Tower
15:58 Watch Tower
16:15 Beastiary
16:16 Beastiary
16:17 Beastiary
16:18 Beastiary
16:52 Great Hall
16:55 Watch Tower
16:55 Watch Tower
16:56 Watch Tower
16:57 Watch Tower
16:57 Watch Tower
16:57 Watch Tower
16:59 Watch Tower
17:20 Watch Tower
17:20 Watch Tower
17:42 Watch Tower
17:43 Watch Tower
» items
| Lesser Clarity Potion | 3 | |
| Healing Salve | 3 | |
| Orb of Lightning | 1 | |
7 total

»
DIRTMCGIRT (
green | 76 APM | 1396 actions | 18:25)
3 Death Knight
2 Death Coil
1 Unholy Aura
3 Lich
2 Frost Nova
1 Frost Armor
1 Dreadlord
1 Sleep
» actions
| Assign group hotkey | 11 | |
| Basic commands | 2 | |
| Build / train | 44 | |
| Enter build submenu | 10 | |
| Enter hero's abilities submenu | 7 | |
| Remove unit from queue | 1 | |
| Right click | 699 | |
| Select / deselect | 489 | |
| Select group hotkey | 95 | |
| Use ability | 38 | |
1396 total
» units
| Acolyte | 2 | |
| Ghoul | 5 | |
| Crypt Fiend | 10 | |
| Goblin Zeppelin | 1 | |
18 total
» upgrades
| Creature Attack | 2 | |
| Web | 1 | |
| Burrow | 1 | |
| Creature Carapace | 2 | |
6 total
» buildings
| Altar of Darkness | 1 | |
| Crypt | 2 | |
| Ziggurat | 4 | |
| Nerubian Tower | 3 | |
| Tomb of Relics | 1 | |
| Halls of the Dead | 1 | |
| Graveyard | 1 | |
| Black Citadel | 1 | |
14 total
» build order
00:16 Altar of Darkness
00:21 Crypt
00:36 Ziggurat
01:33 Nerubian Tower
02:37 Tomb of Relics
04:00 Halls of the Dead
04:42 Graveyard
06:03 Ziggurat
06:16 Ziggurat
06:55 Nerubian Tower
07:10 Nerubian Tower
07:49 Ziggurat
09:06 Crypt
11:03 Black Citadel
» items
| Rod of Necromancy | 1 | |
| Potion of Healing | 1 | |
| Belt of Giant Strength +6 | 1 | |
| Orb of Corruption | 1 | |
4 total
dirtmcwordup (
red | 82 APM | 1519 actions | 18:25)
3 Archmage
2 Blizzard
1 Brilliance Aura
3 Mountain King
2 Storm Bolt
1 Bash
» actions
| Assign group hotkey | 9 | |
| Basic commands | 49 | |
| Build / train | 72 | |
| Enter build submenu | 56 | |
| Enter hero's abilities submenu | 6 | |
| Give item / drop item | 3 | |
| Right click | 574 | |
| Select / deselect | 181 | |
| Select group hotkey | 445 | |
| Use ability | 124 | |
1519 total
» units
| Peasant | 14 | |
| Priest | 1 | |
| Sorceress | 1 | |
| Spell Breaker | 1 | |
| Goblin Zeppelin | 1 | |
18 total
» upgrades
| Masonry | 2 | |
| Gunpowder | 2 | |
| Flare | 1 | |
| Magic Sentry | 1 | |
| Priest Training | 3 | |
| Sorceress Training | 2 | |
| Swords | 2 | |
| Control Magic | 1 | |
| Fragmentation Shards | 1 | |
| Plating | 1 | |
| Armor | 1 | |
17 total
» buildings
| Altar of Kings | 1 | |
| Farm | 10 | |
| Scout Tower | 67 | |
| Arcane Tower | 2 | |
| Lumber Mill | 2 | |
| Guard Tower | 21 | |
| Keep | 1 | |
| Blacksmith | 1 | |
| Arcane Vault | 1 | |
| Arcane Sanctum | 2 | |
| Workshop | 2 | |
| Town Hall | 1 | |
| Castle | 1 | |
112 total
» build order
00:09 Altar of Kings
00:13 Farm
00:24 Scout Tower
00:51 Arcane Tower
00:55 Scout Tower
00:59 Lumber Mill
01:25 Scout Tower
01:54 Arcane Tower
01:56 Scout Tower
02:02 Guard Tower
02:10 Farm
02:14 Scout Tower
02:24 Scout Tower
02:55 Guard Tower
03:02 Guard Tower
03:39 Scout Tower
03:40 Scout Tower
03:56 Scout Tower
03:57 Scout Tower
04:00 Scout Tower
04:01 Scout Tower
04:01 Scout Tower
04:02 Scout Tower
04:12 Guard Tower
04:42 Guard Tower
04:43 Keep
04:45 Scout Tower
04:46 Scout Tower
04:53 Scout Tower
04:54 Scout Tower
04:55 Scout Tower
04:56 Scout Tower
05:03 Lumber Mill
05:23 Scout Tower
05:23 Scout Tower
05:24 Scout Tower
05:28 Scout Tower
05:30 Scout Tower
05:31 Scout Tower
05:32 Scout Tower
05:33 Scout Tower
05:33 Scout Tower
05:34 Scout Tower
05:42 Scout Tower
05:49 Guard Tower
06:00 Guard Tower
06:02 Scout Tower
06:07 Guard Tower
06:13 Guard Tower
06:23 Guard Tower
06:26 Guard Tower
06:29 Blacksmith
06:33 Arcane Vault
06:35 Farm
06:39 Scout Tower
06:48 Guard Tower
08:07 Guard Tower
08:12 Arcane Sanctum
08:13 Arcane Sanctum
08:16 Workshop
08:17 Workshop
08:22 Scout Tower
08:22 Scout Tower
08:23 Scout Tower
08:24 Scout Tower
08:25 Scout Tower
08:26 Scout Tower
08:27 Scout Tower
08:28 Scout Tower
08:28 Scout Tower
08:29 Scout Tower
08:30 Scout Tower
08:30 Scout Tower
08:31 Scout Tower
08:32 Scout Tower
08:33 Scout Tower
08:47 Guard Tower
08:52 Guard Tower
09:31 Farm
09:32 Farm
09:34 Farm
09:35 Farm
09:36 Farm
11:28 Town Hall
11:34 Scout Tower
11:34 Scout Tower
11:35 Scout Tower
11:36 Scout Tower
11:38 Scout Tower
11:38 Scout Tower
11:40 Scout Tower
11:41 Scout Tower
11:42 Scout Tower
11:44 Scout Tower
11:45 Scout Tower
11:46 Scout Tower
12:19 Castle
12:47 Guard Tower
13:09 Farm
13:09 Farm
13:11 Scout Tower
13:14 Scout Tower
13:16 Scout Tower
13:20 Guard Tower
14:01 Guard Tower
14:10 Guard Tower
14:13 Scout Tower
14:14 Scout Tower
14:15 Scout Tower
14:16 Scout Tower
15:58 Guard Tower
16:02 Guard Tower
» items
| Ankh of Reincarnation | 1 | |
| Scourge Bone Chimes | 1 | |
| Boots of Quel'Thalas +6 | 1 | |
| Robe of the Magi +6 | 1 | |
4 total
Chat log
(00:02 / All) Sylink: laff
(00:06 / All) dirtmcwordup: best game ever ? ?
(00:06 / All) PistophChrstoph: hello G00ns
(00:08 / All) PistophChrstoph: hahahha
(00:09 / All) bLinn: do we know you
(00:11 / All) DIRTMCGIRT: dis is gonnna be gay hahaha
(00:16 / All) Noinu: Hello goons
(00:18 / Allies) bLinn: 100g bear
(00:21 / All) dirtmcwordup: U may quit.
(00:23 / All) Sylink: well i wanted to play mor ethan one game
(00:34 / All) dirtmcwordup: this game either lasting 5 min or 5 hours
(00:38 / Allies) BEAR_AND: feeding like nut
(00:49 / All) Noinu: predicting 5 min
(00:59 / All) BEAR_AND: hello how do u do
(01:08 / All) PistophChrstoph: bear and... and what?
(01:10 / All) Noinu: towers
(01:13 / All) Noinu: i mean well thanks
(01:14 / All) dirtmcwordup: huh
(01:17 / All) BEAR_AND: bear and... and what?
(01:23 / All) bLinn: bear and... and what?
(01:25 / All) DIRTMCGIRT: wut hero shud i get
(01:29 / All) Sylink: i liked the blademaster show
(01:30 / All) BEAR_AND: *boinks u on a head w/ a hammr*
(01:36 / All) bLinn: Naga "Dirtmcgirt" Seawitch
(01:37 / Allies) BEAR_AND: say when you need wood
(01:41 / Allies) dirtmcwordup: makeing a lot of soc.
(01:42 / Allies) dirtmcwordup: sorc
(01:51 / Allies) bLinn: give me when you have spare
(02:40 / Allies) BEAR_AND: stop towers
(02:46 / All) bLinn: stop the game
(02:50 / All) bLinn: joking sorry
(02:53 / All) PistophChrstoph: jerk arse
(02:59 / All) bLinn: was quoting some guy we played...
(03:19 / All) dirtmcwordup: THAT blizzard is owning you
(03:31 / Allies) bLinn: lum
(04:14 / All) Sylink: lafff
(04:16 / All) bLinn: who here has been playing tf2 i love playing the demoman
(04:18 / All) DIRTMCGIRT: darn
(04:30 / Allies) bLinn: lum
(04:37 / Allies) bLinn: mad lum
(04:39 / Allies) bLinn: there u go
(04:43 / Allies) bLinn: and un peu gold pour tech
(04:52 / Allies) bLinn: merci
(04:54 / Allies) DIRTMCGIRT: hmmm
(05:01 / Allies) DIRTMCGIRT: i dont want to get frosties
(05:04 / Allies) bLinn: aheheh
(05:05 / Allies) DIRTMCGIRT: they just gonna mass bats
(05:09 / Allies) dirtmcwordup: fiend
(05:14 / Allies) BEAR_AND: fiend for sure
(05:18 / Allies) BEAR_AND: the enemy of towers everyweher
(05:27 / Allies) bLinn: i'll go
(05:28 / Allies) BEAR_AND: im gonna speed chim though
(05:31 / Allies) BEAR_AND: before they bat
(05:34 / Allies) bLinn: tauren/walker/docs
(05:35 / Allies) BEAR_AND: then switch
(05:38 / Allies) bLinn: aka orc anti tower
(05:43 / Allies) BEAR_AND: we gotta take their expo
(05:45 / Allies) DIRTMCGIRT: let me pauyse these FUCKIUN TORRENTS ARGGHGHG
(05:47 / Allies) BEAR_AND: & mid
(05:51 / Allies) dirtmcwordup: lum
(06:17 / Allies) dirtmcwordup: lum niqqa
(07:07 / Allies) dirtmcwordup: getting mortar caster
(07:14 / Allies) dirtmcwordup: ognna control so many wolves it aint funny
(07:17 / Allies) DIRTMCGIRT: cobgrats kik
(07:18 / Allies) BEAR_AND: hahah
(07:21 / Allies) DIRTMCGIRT: congrats lol
(07:32 / Allies) DIRTMCGIRT: upgrd lpls
(07:44 / Allies) DIRTMCGIRT: pls
(07:45 / Allies) bLinn: los resources
(07:47 / Allies) bLinn: s'il vous plait
(07:59 / Allies) DIRTMCGIRT: earf to dmw
(08:03 / Allies) dirtmcwordup: yo
(08:04 / Allies) DIRTMCGIRT: yo dirt
(08:07 / Allies) DIRTMCGIRT: pls upgrd
(08:09 / Allies) DIRTMCGIRT: ty
(08:26 / All) bLinn: dirtmcgirt may i speak candidly to u sir
(08:32 / Allies) DIRTMCGIRT: u may
(08:44 / All) bLinn: u r a gentleman & a scholar
(08:57 / Allies) dirtmcwordup: ne gold
(09:14 / Allies) bLinn: & mid
(09:15 / Allies) bLinn: we gotta opencrak
(09:23 / Allies) bLinn: one day . .
(09:33 / Allies) bLinn: be ova i a sec
(09:34 / Allies) DIRTMCGIRT: omw
(09:36 / Allies) DIRTMCGIRT: on my way
(10:29 / Allies) bLinn: blade on da brigade
(10:34 / Allies) bLinn: need gauld if you have
(11:14 / All) DIRTMCGIRT: OH NO
(11:47 / Allies) bLinn: dealing with my own 1st
(11:48 / Allies) bLinn: gl
(11:54 / Allies) bLinn: arghghh
(11:56 / Allies) bLinn: i dont wanna
(12:40 / Allies) DIRTMCGIRT: whoop
(12:51 / Allies) BEAR_AND: pull to tower
(13:04 / Allies) bLinn: lum please come on
(13:12 / Allies) DIRTMCGIRT: fuckin
(13:12 / Allies) DIRTMCGIRT: lag
(13:22 / Allies) dirtmcwordup: need gold/lum
(14:08 / Allies) BEAR_AND: ok now we creep whole map
(14:14 / Allies) BEAR_AND: that chim just flanged
(14:15 / Allies) BEAR_AND: lmao
(14:42 / Allies) bLinn: lumlumlm
(15:24 / Allies) bLinn: cool
(15:51 / Allies) BEAR_AND: come
(15:53 / Allies) DIRTMCGIRT: upgrade towers pls timg
(15:56 / Allies) BEAR_AND: tower that
(16:04 / Allies) bLinn: mad mrots
(16:36 / Allies) BEAR_AND: take
(17:01 / Allies) bLinn: maybe
(17:02 / Allies) bLinn: if i had some lumber
(18:23 / All) DIRTMCGIRT: gg
(18:24 / All) BEAR_AND: hahahahahahaha
(18:24 / All) BEAR_AND: ty